 Dungeon Crawl Stone Soup version 0.30-a0-373-gd37427bb62 (webtiles) character file.

Game seed: 1978014074705900411

241 qeuew the Shield-Bearer (level 6, 0/49 HPs)
             Began as a Formicid Fighter on Nov 24, 2022.
             Slain by a gnoll
             ... wielding a +0 spear
              (4 damage)
             ... on level 3 of the Dungeon.
             The game lasted 00:02:48 (1990 turns).

qeuew the Shield-Bearer (Formicid Fighter)          Turns: 1990, Time: 00:02:49

Health: 0/49       AC:  7    Str: 20    XL:     6   Next: 30%
Magic:  6/6        EV: 10    Int:  8    God:
Gold:   71         SH:  5    Dex: 15    Spells: 5/5 levels left

rFire   + . .      SeeInvis +    a - +1 war axe
rCold   . . .      Faith    .    c - +0 buckler
rNeg    . . .      Spirit   .    b - +0 scale mail
rPois   .          Reflect  .    (helmet unavailable)
rElec   .          Harm     .    (no cloak)
rCorr   .          Rampage  .    (no gloves)
Will    .....                    (no boots)
Stlth   ..........               e - amulet of the acrobat
HPRegen 0.28/turn                g - ring of protection from fire
MPRegen 0.10/turn                (no ring)

@: mighty
A: permanent stasis, dig shafts and tunnels, antennae 3, four strong arms
a: Dig, Shaft Self


You were on level 3 of the Dungeon.
You visited 1 branch of the dungeon, and saw 3 of its levels.

You collected 71 gold pieces.

Inventory:

Hand Weapons
 a - a +1 war axe (weapon)
Armour
 b - a +0 scale mail (worn)
 c - a +0 buckler (worn)
Jewellery
 e - an amulet of the acrobat (around neck)
 g - a ring of protection from fire (left hand)


   Skills:
 + Level 4.3 Fighting
 + Level 3.2 Axes
 + Level 4.3 Armour
 + Level 2.0 Dodging
 + Level 5.3 Shields


You had 5 spell levels left.
You didn't know any spells.
Your spell library contained the following spells:

 Spells                   Type           Power      Damage    Failure   Level
 Animate Armour           Summ/Erth      0%         N/A       100%        4
 Blade Hands              Tmut           0%         N/A       100%        5
 Iron Shot                Conj/Erth      0%         9d1       100%        6


Dungeon Overview and Level Annotations

Branches:
Dungeon (3/15)

Altars:


Innate Abilities, Weirdness & Mutations

You cannot be hasted, slowed, berserked, paralysed or teleported.
You can dig through walls and to a lower floor.
You have a pair of large antennae on your head. (SInv)
Your four strong arms can wield two-handed weapons with a shield.


Message History

You struggle against the net.
The frilled lizard bites you. The rat completely misses you.
The gnoll hits you with a +0 spear.
The gnoll hits you from afar with a +0 spear!
The gnoll hits you from afar with a +0 spear.
Unknown command.
You rip the net and break free!
The frilled lizard barely misses you. The gnoll closely misses you.
The gnoll hits you from afar with a +0 spear.
* * * LOW HITPOINT WARNING * * *
The rat misses you. You block the gnoll's attack.
Unknown command.
You feel very mighty all of a sudden. The frilled lizard misses you.
You block the gnoll's attack. The gnoll hits you but does no damage.
The rat misses you.
The gnoll hits you from afar with a +0 spear.
* * * LOW HITPOINT WARNING * * *
Unknown command.
You slash the rat!
You kill the rat!
You completely miss the gnoll. You barely miss the frilled lizard.
The frilled lizard bites you but does no damage.
The gnoll hits you from afar with a +0 spear.
* * * LOW HITPOINT WARNING * * *
The gnoll hits you from afar with a +0 spear.
* * * LOW HITPOINT WARNING * * *
The gnoll barely misses you.
You aren't carrying any scrolls.
You barely miss the gnoll.
The gnoll is almost dead.
You closely miss the frilled lizard. The frilled lizard misses you.
The gnoll misses you.
The gnoll hits you from afar with a +0 spear.
* * * LOW HITPOINT WARNING * * *
The gnoll misses you.
You slash the gnoll!
You kill the gnoll!
You closely miss the frilled lizard. The frilled lizard closely misses you.
The gnoll closely misses you.
The gnoll hits you from afar with a +0 spear.
You die...

############
........... >#
..........# #.#
.....g....# #.###
......l)..######....
.....g)@.........##
.....####.........#
### #.........#
#.#.#.†...#
#...#.##.####.#
###.#..†......#
.........######
###...#..# #####
#...#..###...#


You could see 2 gnolls and a frilled lizard.

Vanquished Creatures
  A black bear (D:2)
  6 gnolls (D:3)
  3 adders (D:2)
  4 dart slugs
  11 endoplasms
  A giant cockroach (D:1)
  5 goblins
  3 hobgoblins
  10 jackals
  6 kobolds
  A quokka (D:1)
  4 ball pythons
  5 bats
  4 frilled lizards
  6 rats
70 creatures vanquished.

Notes
Turn   | Place    | Note
-------+----------+-------------------------------------------
     0 | D:1      | qeuew the Formicid Fighter began the quest for the Orb.
     0 | D:1      | Reached XP level 1. HP: 18/18 MP: 1/1
    67 | D:1      | Reached XP level 2. HP: 24/24 MP: 2/2
   240 | D:1      | Reached XP level 3. HP: 29/29 MP: 3/3
   614 | D:1      | Reached skill level 1 in Dodging
   915 | D:2      | Noticed a black bear
   924 | D:2      | Killed a black bear
   925 | D:2      | Reached XP level 4. HP: 9/37 MP: 4/4
   925 | D:2      | Reached XP level 5. HP: 10/42 MP: 5/5
  1105 | D:2      | Reached skill level 5 in Shields
  1352 | D:2      | Found a faded altar of an unknown god.
  1657 | D:2      | Reached XP level 6. HP: 48/48 MP: 6/6
  1990 | D:3      | Slain by a gnoll

Illustrated notes

Levels and vault maps discovered:
D:1:      onia_arrival_handbag, layout_basic, grunt_decor_resistance
D:2:      layout_loops_ring, dreamdust_ecumenical_altar_hidden_monk_grotto
D:3:      cheibrodos_greedy_goblins, layout_basic, mainiacjoe_overflow_paths,
          minmay_misc_feat_enclosed

Skill      XL: |  1  2  3  4  5  6 |
---------------+-------------------+-----
Dodging        | 1 2 |  2.0
Fighting       | 4 |  4.3
Armour         | 4 |  4.3
Shields        | 5 |  5.3
Axes           | 3 |  3.2

Action                   |  1- 3 |  4- 6 || total
-------------------------+-------+-------++-------
Melee: War axe           |    89 |    95 ||   184
  Use: Potion            |     2 |     2 ||     4
       Scroll            |     2 |     1 ||     3
Armor: Scale mail        |    51 |    46 ||    97
Dodge: Dodged            |    47 |    62 ||   109
Block: Buckler           |    28 |    32 ||    60

Table legend: (Time is in decaauts)
 A = Elapsed time spent in this place.
 B = Non-inter-level travel time spent in this place.
 C = Inter-level travel time spent in this place.
 D = Time resting spent in this place.
 E = Time spent auto-exploring this place.
 F = Levels seen in this place.
 G = Mean time per level.
                   A        B        C        D        E       F      G
               +--------+--------+--------+--------+--------+-----+--------+
         Total |   2063 |   2026 |     37 |      0 |   1555 |   3 |  687.7 |
       Dungeon |   2063 |   2026 |     37 |      0 |   1555 |   3 |  687.7 |
               +--------+--------+--------+--------+--------+-----+--------+

Top non-repeatable levels by time:
     D:2: 975 daAuts
     D:1: 905 daAuts
     D:3: 182 daAuts
